 Dungeon Crawl Stone Soup version 0.21.0-3-g78d12a8 (webtiles) character file.

16268 microfolk the Geomancer (level 12, -3/81 HPs)
             Began as a Gargoyle Earth Elementalist on Jan 8, 2018.
             Was a Priest of Vehumet.
             Killed from afar by a frost giant (23 damage)
             ... with a bolt of cold
             ... in an ice cave.
             The game lasted 01:11:02 (17386 turns).

microfolk the Geomancer (GrEE)                     Turns: 17386, Time: 01:11:03

Health: -3/81      AC: 18    Str: 14    XL:     12   Next: 35%
Magic:  21/24      EV: 15    Int: 21    God:    Vehumet [***...]
Gold:   732        SH:  0    Dex: 12    Spells: 12/27 levels left

rFire    . . .     SeeInvis .   D - +5 halberd "Ciwnodgh" {drain, Str+2 Dex+2}
rCold    . . .     Gourm    .   (shield currently unavailable)
rNeg     + . .     Faith    .   z - +1 robe {MR+}
rPois    ∞         Spirit   .   y - +0 helmet
rElec    +         Reflect  .   v - +2 cloak
rCorr    .         Harm     .   (no gloves)
MR       ++...                  t - +0 pair of boots
Stlth    ++........             (no amulet)
HPRegen  0.23/turn              C - ring of protection from magic
MPRegen  0.19/turn              (no ring)

@: very slightly contaminated
A: negative energy resistance 1, electricity resistance, unbreathing,
petrification resistance, rot immunity, AC +8
a: Renounce Religion


You were in an ice cave.
You worshipped Vehumet.
Vehumet was most pleased with you.
You were not hungry.

You visited 3 branches of the dungeon, and saw 13 of its levels.
You also visited: Ice Cave.

You collected 732 gold pieces.

Inventory:

Hand Weapons
 b - a +0 blowgun
 D - the +5 halberd "Ciwnodgh" (weapon) {drain, Str+2 Dex+2}
   (You found it on level 7 of the Dungeon)

   A truly terrible weapon, it drains the life of those it strikes.
   It affects your strength (+2).
   It affects your dexterity (+2).
Missiles
 e - 7 needles of sleeping
 g - 29 poisoned needles
 i - 110 bolts
 n - 50 stones (quivered)
Armour
 l - a +0 leather armour
 t - a +0 pair of boots (worn)
 v - a +2 cloak (worn)
 y - a +0 helmet (worn)
 z - a +1 robe of magic resistance (worn)
 E - the +0 ring mail of Emymo {Dex+3}
   (You found it on level 6 of the Dungeon)

   It affects your dexterity (+3).
 M - +0 steam dragon scales
 O - a +0 robe of fire resistance
 S - a scarf of cloud immunity
Magical Staves
 a - an uncursed staff of wizardry
 U - an uncursed staff of earth {unknown}
Jewellery
 C - a ring of protection from magic (left hand)
Wands
 c - a wand of enslavement (25)
 F - a wand of random effects (61)
 H - a wand of flame (115)
 K - a wand of iceblast (12)
 R - a wand of clouds (4)
 T - a wand of polymorph (17)
 V - a wand of digging (19)
Scrolls
 h - 9 scrolls of teleportation
 k - a scroll of fear {unknown}
 o - 2 scrolls of amnesia
 s - a scroll of enchant weapon {unknown}
 x - a scroll of vulnerability {unknown}
 B - 2 scrolls of silence {unknown}
 I - a scroll of noise {unknown}
 J - 3 scrolls of remove curse
 P - a scroll of blinking {unknown}
Potions
 f - 2 potions of heal wounds
 j - 2 potions of ambrosia
 m - 2 potions of lignification
 p - 4 potions of might
 q - 3 potions of curing
 r - 3 potions of flight
 w - a potion of berserk rage
 G - a potion of resistance {unknown}
 N - a potion of brilliance {unknown}
 Q - a potion of agility {unknown}
Books
 L - a book of Battle

   Spells                             Type                      Level
   a - Infusion                       Charms                       1
   b - Shroud of Golubria             Charms/Translocation         2
   c - Song of Slaying                Charms                       2
   d - Spectral Weapon                Hexes/Charms                 3
   e - Regeneration                   Charms/Necromancy            3
Comestibles
 d - 17 rations


   Skills:
 + Level 11.9 Fighting
 + Level 7.8 Armour
 + Level 6.5 Dodging
 - Level 2.1 Stealth
 - Level 8.0 Spellcasting
 - Level 0.7 Transmutations
 - Level 12.0 Earth Magic


You had 12 spell levels left.
You knew the following spells:

 Your Spells              Type           Power        Failure   Level  Hunger
a - Sandblast             Erth           ######       1%          1    None
b - Stone Arrow           Conj/Erth      ####..       1%          3    None
c - Passwall              Tmut/Erth      #####.....   1%          2    None
d - Lee's Rapid Deconstr  Erth           ######....   1%          5    #####..
e - Petrify               Tmut/Erth      #####...     6%          4    ###....


Dungeon Overview and Level Annotations

Branches:
Dungeon (11/15)            Temple (1/1) D:5            Lair (1/6) D:9
    Orc (0/2) D:10

Altars:
Ashenzari
Cheibriados
Dithmenos
Elyvilon
Fedhas
Gozag
Hepliaklqana
Kikubaaqudgha
Makhleb
Nemelex Xobeh
Okawaru
Qazlal
Ru
Sif Muna
Trog
Uskayaw
Vehumet
Wu Jian
Xom
Yredelemnul
Zin
The Shining One
Jiyva

Annotations:
D:4 exclusion: oklob plant
D:7 1 exclusion
D:8 Maurice


Innate Abilities, Weirdness & Mutations

You are resistant to torment.
Your stone body is resilient. (AC +8)
You are immune to poison.
You resist negative energy. (rN+)
You are resistant to electric shocks. (rElec)
You can survive without breathing.
You are immune to petrification.
You are immune to rotting.


Message History

Aiming: Lee's Rapid Deconstruction
Press: ? - help, Dir - move target cursor, p - frost giant
Okay, then.
Unknown command.
Casting: Lee's Rapid Deconstruction
Confirm with . or Enter, or press ? or * to list all spells.
Aiming: Petrify
Press: ? - help, Shift-Dir - straight line, f/p - frost giant
Aim: a frost giant, wielding a battleaxe of freezing and wearing a twisted coral ring (chance to defeat MR: 15%)
You miscast Petrify.
You are very lightly contaminated with residual magic.
Waves of light ripple over your body.
The frost giant gestures at you while chanting.
The bolt of cold hits you!
* * * LOW HITPOINT WARNING * * *
The frost giant gestures at you while chanting.
The bolt of cold misses you.
The frost giant gestures at you while chanting.
The bolt of cold hits you!
You die...

#...###..#
##.# ##..##
#..# #..#
#...# #.##
#.## #...#
#..## #.##
##..## ##..#
##.# #..#####
#..# ##.#
#.###..####.##
##..#
#..###⌠.#
#..###..##
##.##@..#
##..#...#
#...#..#
#.....##
##..#.##
##....#
#####C##
##..## ##.##Y#
#..# #Y.#.##
#.####
#..Y.C.#C##
##.#.##
).#....#.#
##.#.#
#.h.#### ##.##


You could see a frost giant and a yak.

Vanquished Creatures
  Erica (D:8)
  A two-headed ogre (D:8)
  A death yak (IceCv)
  An ice statue (IceCv)
  A spiny frog (Lair:1)
  3 rime drakes (IceCv)
  A komodo dragon (D:9)
  9 polar bears (IceCv)
  Sigmund (D:7)
  21 yaks
  A human (D:9)
  4 wyverns (D:9)
  3 hogs (D:9)
  Grum (D:10)
  A steam dragon (D:9)
  A water moccasin (D:7)
  4 sky beasts (D:9)
  3 ice beasts (D:9)
  4 orc warriors (D:10)
  A black bear (D:6)
  2 phantoms (D:4)
  23 wolves
  4 centaurs
  A crocodile (D:9)
  6 ogres
  A big kobold (D:8)
  A wyvern zombie (D:6)
  3 bullfrogs (D:8)
  4 scorpions
  3 killer bees (D:7)
  2 howler monkeys
  3 crimson imps
  A bullfrog zombie (D:10)
  2 quasits
  6 hounds
  A jelly (D:9)
  2 bullfrog skeletons (D:8)
  3 orc priests
  3 centaur skeletons
  2 iguanas
  Ijyb (D:3)
  4 orc wizards
  2 worker ants
  A killer bee zombie (D:8)
  2 hound zombies (D:6)
  A hound skeleton (D:5)
  A howler monkey zombie (D:6)
  15 gnolls
  4 adders
  2 howler monkey skeletons (D:7)
  3 shadow imps
  An ooze (D:6)
  2 adder skeletons
  4 worms
  5 leopard geckos
  19 orcs
  2 ball pythons
  7 bats
  18 giant cockroaches
  14 goblins
  8 hobgoblins
  6 jackals
  13 kobolds
  2 quokkas (D:2)
  6 frilled lizards
  A giant cockroach zombie (D:6)
  A jackal zombie (D:6)
  2 leopard gecko skeletons (D:4)
  A quokka skeleton (D:5)
  12 rats
  A plant (D:2)
297 creatures vanquished.

Vanquished Creatures (others)
  An eye of draining (D:8)
  17 toadstools (D:4)
18 creatures vanquished.

Grand Total: 315 creatures vanquished

Notes
Turn   | Place    | Note
-------+----------+-------------------------------------------
     0 | D:1      | microfolk the Gargoyle Earth Elementalist began the quest for the Orb.
     0 | D:1      | Reached XP level 1. HP: 10/10 MP: 3/3
   164 | D:1      | Reached XP level 2. HP: 14/16 MP: 5/5
   322 | D:1      | Reached skill level 1 in Fighting
   389 | D:1      | Reached skill level 4 in Earth Magic
  1102 | D:2      | Found a snail-covered altar of Cheibriados.
  1114 | D:2      | Reached XP level 3. HP: 17/20 MP: 3/6
  1947 | D:2      | Found an opulent altar of Gozag.
  2391 | D:2      | Reached XP level 4. HP: 26/26 MP: 8/8
  2579 | D:3      | Learned a level 3 spell: Stone Arrow
  2815 | D:3      | Found a sparkling altar of Nemelex Xobeh.
  2903 | D:3      | Reached XP level 5. HP: 29/31 MP: 9/9
  2979 | D:3      | Reached skill level 5 in Earth Magic
  3304 | D:3      | Noticed Ijyb
  3888 | D:3      | Killed Ijyb
  4001 | D:4      | Reached XP level 6. HP: 37/37 MP: 9/11
  4435 | D:4      | Found a blossoming altar of Fedhas.
  4454 | D:4      | Noticed an oklob plant
  4648 | D:4      | Reached skill level 6 in Earth Magic
  4781 | D:4      | Noticed a phantom
  4788 | D:4      | Killed a phantom
  4788 | D:4      | Reached XP level 7. HP: 43/44 MP: 6/13
  5122 | D:5      | Entered Level 5 of the Dungeon
  5152 | D:5      | Learned a level 2 spell: Passwall
  5158 | D:5      | Learned a level 5 spell: Lee's Rapid Deconstruction
  5163 | D:5      | Learned a level 4 spell: Petrify
  5420 | D:5      | Found a hide-covered altar of Uskayaw.
  5518 | D:5      | Found a shadowy altar of Dithmenos.
  5832 | D:5      | Reached skill level 5 in Fighting
  5832 | D:5      | Reached skill level 1 in Armour
  5931 | D:5      | Reached skill level 7 in Earth Magic
  5968 | D:5      | Found an ornate altar of the Wu Jian Council.
  6088 | D:5      | Found a staircase to the Ecumenical Temple.
  6122 | Temple   | Entered the Ecumenical Temple
  6396 | D:6      | Reached XP level 8. HP: 49/49 MP: 13/15
  6508 | D:6      | Got a scorched ring mail
  6521 | D:6      | Found a basalt altar of Yredelemnul.
  6795 | D:6      | Noticed Sigmund
  6944 | D:6      | Reached skill level 5 in Spellcasting
  7396 | D:6      | Noticed a moth of wrath
  7399 | D:6      | Found a bloodstained altar of Trog.
  8795 | D:7      | Found a shattered altar of Ashenzari.
  8862 | Temple   | Became a worshipper of Vehumet
  9156 | D:7      | Reached skill level 8 in Earth Magic
  9287 | D:7      | Killed Sigmund
  9287 | D:7      | Reached XP level 9. HP: 56/56 MP: 7/17
  9621 | D:7      | Got a brightly glowing halberd
  9987 | D:7      | Noticed a deep elf mage
 10100 | D:8      | Noticed Maurice
 10356 | D:8      | Found a hazy altar of Hepliaklqana.
 10412 | D:8      | Identified the +5 halberd "Ciwnodgh" {drain, Str+2 Dex+2} (You found it on level 7 of the Dungeon)
 10425 | D:8      | Identified the +0 ring mail of Emymo {Dex+3} (You found it on level 6 of the Dungeon)
 10491 | D:8      | Found a white marble altar of Elyvilon.
 10552 | D:8      | Found a sacrificial altar of Ru.
 10554 | D:8      | Found a stormy altar of Qazlal.
 10633 | D:8      | Reached skill level 5 in Armour
 10694 | D:8      | Noticed a two-headed ogre
 10724 | D:9      | Reached skill level 9 in Earth Magic
 10741 | D:9      | Reached * piety under Vehumet
 10741 | D:9      | Offered knowledge of Flame Tongue by Vehumet.
 11167 | D:9      | Noticed a two-headed ogre
 11442 | D:9      | Reached XP level 10. HP: 63/64 MP: 9/20
 11454 | D:9      | Reached skill level 10 in Earth Magic
 12155 | D:9      | Offered knowledge of Throw Flame by Vehumet.
 12187 | D:9      | Reached ** piety under Vehumet
 12507 | D:9      | Found a staircase to the Lair.
 12695 | D:8      | Killed a two-headed ogre
 12695 | D:8      | Reached skill level 11 in Earth Magic
 12704 | D:8      | Reached XP level 11. HP: 59/72 MP: 13/23
 12857 | D:8      | Noticed Erica
 12863 | D:8      | Killed Erica
 12863 | D:8      | Reached skill level 10 in Fighting
 13253 | D:10     | Entered Level 10 of the Dungeon
 13512 | D:10     | Noticed Grum
 13514 | D:10     | Killed Grum
 14082 | D:10     | Found a staircase to the Orcish Mines.
 14344 | Lair:1   | Entered Level 1 of the Lair of Beasts
 14352 | Lair:1   | Found a frozen archway.
 14446 | IceCv    | Entered an ice cave
 14747 | IceCv    | Offered knowledge of Dazzling Spray by Vehumet.
 14747 | IceCv    | Reached skill level 12 in Earth Magic
 15049 | IceCv    | Reached skill level 5 in Dodging
 15055 | IceCv    | Reached *** piety under Vehumet
 15806 | IceCv    | Offered knowledge of Throw Icicle by Vehumet.
 15806 | IceCv    | Reached XP level 12. HP: 80/80 MP: 24/24
 16847 | IceCv    | Noticed a death yak
 16860 | IceCv    | Killed a death yak
 17358 | IceCv    | Noticed a frost giant
 17386 | IceCv    | Killed from afar by a frost giant

Skill      XL: |  1  2  3  4  5  6  7  8  9 10 11 12 |
---------------+-------------------------------------+-----
Fighting       | 1 2 3 4 5 6 8 9 11 | 11.9
Earth Magic    | 4 5 6 7 8 9 11 12 | 12.0
Spellcasting   | 3 4 5 7 8 |  8.0
Armour         | 1 4 5 6 7 |  7.8
Dodging        | 3 5 6 |  6.5
Stealth        | |  2.1
Transmutations | |  0.7

Action                   |  1- 3 |  4- 6 |  7- 9 | 10-12 || total
-------------------------+-------+-------+-------+-------++-------
Melee: Unarmed           |    71 |     9 |       |       ||    80
       Dagger            |    95 |   194 |     4 |       ||   293
       Staff             |       |       |   206 |       ||   206
       Halberd           |       |       |    16 |   244 ||   260
 Fire: Blowgun           |       |     7 |       |       ||     7
 Cast: Sandblast         |    24 |    26 |    95 |    68 ||   213
       Stone Arrow       |       |     2 |    48 |    53 ||   103
       Lee's Rapid Decon |       |       |     2 |    33 ||    35
       Petrify           |       |       |     2 |    13 ||    15
Evoke: Wand              |       |       |       |     6 ||     6
  Use: Scroll            |     4 |     5 |     7 |     3 ||    19
       Potion            |       |       |     1 |     1 ||     2
 Stab: Sleeping          |     1 |     1 |     1 |     4 ||     7
       Petrified         |       |       |       |     6 ||     6
       Petrifying        |       |       |       |     3 ||     3
       Distracted        |       |       |       |     1 ||     1
  Eat: Chunk             |     3 |     3 |    10 |    22 ||    38
       Ration            |     1 |     1 |     4 |     3 ||     9
Armor: Robe              |    26 |       |    23 |   178 ||   227
       Leather armour    |    16 |    80 |   134 |       ||   230
       Skin              |       |    24 |       |       ||    24
Dodge: Dodged            |    95 |   111 |   219 |   251 ||   676
